Map: Kairos Junction LE

Players

Stemir

  • Race: Zerg Zerg
  • League: Diamond
  • Spawn Location: 11:00

PeLLy - Winner!

  • Race: Zerg Zerg
  • League: Diamond
  • Spawn Location: 5:00

VOD

Have the link to the VOD?

Description

Time

  • Played on: Aug. 7, 2019, 4:54 p.m.
  • Length: 15:29
Show
View Real Time Build Order
Export as new Build Order

Stemir Zerg 

Build Orders: Hatch First 

Get SALT Encoding   

  12  0:01  Drone  
  13  0:08  Drone  
  14  0:20  Overlord  
  14  0:44  Hatchery  
  13  0:50  Drone x2  
  15  1:00  Drone  
  15  1:03  Drone  
  17  1:15  Spawning Pool  
  17  1:17  Drone  
  17  1:30  Drone  
  18  1:33  Extractor  
  18  1:47  Drone x2  
  19  2:03  Roach Warren  
  19  2:04  Drone  
  19  2:05  Queen  
  19  2:07  Queen  
  23  2:10  Drone  
  24  2:23  Drone  
  24  2:24  Drone  
  24  2:26  Drone x2  
  28  2:32  Extractor  
  27  2:50  Zergling x2  
  28  2:53  Overlord x3  
  28  3:16  Roach x4  
  28  3:17  Roach x2  
  40  3:42  Drone x4  
  40  3:46  Overlord  
  40  3:47  Overlord  
  44  3:53  Hatchery  
  43  4:01  Lair  
  43  4:07  Drone x3  
  43  4:08  Drone x2  
  48  4:11  Drone x2  
  50  4:48  Drone  
  50  4:49  Drone x2  
  50  4:50  Extractor  
  50  4:51  Extractor  
  51  4:57  Overlord x3  
  46  5:27  Roach x4  
  46  5:28  Roach x5  
  64  5:33  Queen  
  64  5:34  Queen  
  70  5:40  Spore Crawler  
  69  5:44  Spore Crawler  
  62  6:19  Zergling x2  
  62  6:20  Zergling x14  
  62  6:21  Zergling x8  
  62  6:23  Hatchery  
  73  6:28  Spire  
  73  6:32  Drone x2  
  70  6:51  Drone  
  70  6:52  Drone  
  72  7:05  Hatchery  
  71  7:11  Roach x4  
  79  7:49  Mutalisk x2  
  79  7:50  Mutalisk x4  
  68  8:06  Zergling x20  
  68  8:07  Zergling x6  
  64  8:19  Corruptor, Mutalisk  
  47  8:44  Drone x3  
  47  8:46  Drone x3  
  48  8:48  Drone  
  48  8:49  Drone x4  
  53  8:59  Mutalisk  
  40  9:21  Queen x2  
  40  9:22  Queen  
  43  9:44  Drone x3  
  43  9:45  Drone x4  
  46  10:20  Drone x2  
  46  10:21  Drone  
  49  10:30  Drone x3  
  50  11:11  Drone x2  
  50  11:12  Drone x3  
  50  11:15  Drone  
  50  11:16  Drone x2  
  50  11:18  Drone x3  
  61  11:22  Drone x7  
  61  11:23  Drone x3  
  71  11:53  Drone x4  
  75  12:03  Hatchery  
  74  12:20  Spire  
  73  12:29  Drone x5  
  78  12:30  Drone x5  
  83  12:51  Extractor  
  82  12:53  Extractor  
  81  13:11  Extractor  
  80  13:13  Extractor  
  79  13:24  Spine Crawler x2  
  79  13:26  Spine Crawler  
  67  13:30  Spine Crawler x2  
  67  13:32  Spine Crawler  
  67  13:33  Spine Crawler  
  53  13:34  Spine Crawler  
  53  13:36  Spine Crawler  
  53  13:39  Mutalisk  
  53  13:40  Mutalisk x7  
  53  13:41  Mutalisk x6  
  67  13:42  Mutalisk x6  
  71  14:01  Zergling x2  
  71  14:02  Zergling x20  
  82  14:03  Hatchery  
  59  14:13  Hatchery  
  31  14:39  Zergling x6  
  31  14:40  Zergling x2  
Show
View Real Time Build Order
Export as new Build Order

PeLLy Zerg - Winner!

Build Orders: Hatch First 

Get SALT Encoding   

  12  0:01  Drone  
  13  0:15  Overlord  
  13  0:19  Drone  
  14  0:33  Drone x2  
  16  0:40  Drone  
  17  0:53  Hatchery  
  17  0:57  Drone  
  17  1:03  Drone, Extractor  
  17  1:18  Spawning Pool  
  16  1:20  Drone  
  17  1:27  Drone  
  17  1:31  Drone  
  19  1:43  Overlord  
  19  2:04  Drone x2  
  21  2:09  Drone  
  22  2:16  Drone x2  
  22  2:20  Queen x2  
  28  2:28  Zergling x4  
  30  2:32  Metabolic Boost  
  30  2:37  Overlord  
  30  2:43  Zergling x2  
  31  2:46  Zergling x2  
  31  2:49  Zergling x2  
  32  3:20  Baneling Nest  
  32  3:22  Drone x6  
  37  3:35  Hatchery  
  36  3:48  Drone x5  
  41  3:56  Evolution Chamber  
  41  3:58  Evolution Chamber  
  41  4:01  Roach Warren  
  38  4:07  Zergling x8  
  42  4:13  Zergling x2  
  42  4:15  Overlord  
  43  4:18  Spine Crawler  
  43  4:20  Queen, Spine Crawler  
  40  4:35  Zerg Missile Weapons Level 1  
  40  4:37  Zerg Melee Weapons Level 1  
  40  4:42  Roach x6  
  40  4:45  Overlord  
  52  4:46  Extractor  
  52  4:50  Drone  
  52  5:01  Roach x2  
  56  5:14  Roach x2  
  57  5:26  Roach  
  58  5:30  Extractor x2  
  56  5:36  Queen  
  56  5:39  Drone  
  56  5:40  Drone x3  
  62  5:44  Lair  
  61  6:03  Roach x4  
  52  6:19  Roach x3  
  52  6:22  Zergling x16  
  52  6:25  Overlord x2  
  66  6:52  Roach x6  
  66  6:53  Roach x2  
  82  7:02  Overlord x2  
  82  7:03  Overlord  
  82  7:07  Spore Crawler  
  81  7:09  Baneling x3  
  81  7:17  Baneling  
  81  7:19  Baneling  
  81  7:25  Roach x2  
  81  7:28  Drone x4  
  81  7:29  Drone  
  88  8:05  Roach x6  
  92  8:06  Roach x2  
  92  8:11  Queen  
  94  8:23  Spore Crawler, Hydralisk Den  
  94  8:24  Spore Crawler x2  
  86  8:27  Spore Crawler  
  75  9:01  Queen x3  
  67  9:03  Zerg Missile Weapons Level 2  
  67  9:06  Hydralisk x2  
  59  9:21  Spore Crawler  
  59  9:22  Spore Crawler  
  59  9:23  Spore Crawler  
  52  9:25  Spore Crawler  
  52  9:26  Spore Crawler  
  52  9:27  Spore Crawler  
  52  9:28  Spore Crawler  
  52  9:29  Drone x2  
  44  9:41  Grooved Spines  
  44  9:42  Drone  
  44  9:43  Drone  
  46  9:49  Hydralisk  
  48  10:05  Hydralisk x2  
  52  10:08  Drone x3  
  55  10:31  Hydralisk x2  
  55  10:33  Drone  
  55  10:34  Drone x7  
  67  10:39  Extractor x2  
  65  10:45  Zergling x4  
  67  10:53  Muscular Augments  
  67  10:56  Drone x4  
  71  10:57  Drone  
  70  11:13  Spore Crawler  
  70  11:18  Drone x5  
  70  11:20  Overlord x2  
  74  11:29  Zerg Melee Weapons Level 2  
  74  11:33  Overlord  
  74  11:34  Overlord  
  74  11:41  Zerg Ground Armor Level 1  
  74  11:43  Drone x3  
  77  12:03  Drone x4  
  77  12:04  Drone x2  
  77  12:05  Drone  
  77  12:07  Drone x6  
  90  12:20  Drone  
  90  12:21  Zergling x2  
  90  12:22  Zergling x12  
  98  12:27  Baneling  
  98  12:28  Baneling x3  
  98  12:31  Hydralisk x2  
  102  12:43  Zergling x8  
  106  12:47  Overlord x4  
  106  13:03  Centrifical Hooks  
  106  13:16  Hatchery  
  105  13:27  Hydralisk x10  
  122  13:48  Roach x8  
  136  13:53  Zergling x2  
  136  13:55  Overlord x3  
  136  14:11  Overlord x3  
  136  14:15  Hydralisk x5  
  129  14:29  Zergling x4  
  129  14:30  Zergling x6  
  124  14:42  Zergling x6  
  125  14:46  Hydralisk x7  
  125  14:47  Hydralisk  
Tags
 
Add a new tag
Caveats
  • Supply blocks, unpowered buildings, or Contaminate may cause inaccurate times.
  • Supply counts are checked every 10 seconds.